[Event "ICC tourney 2308 (3 2)"]
[Site "Internet Chess Club"]
[Date "2021.01.15"]
[Round "11"]
[White "dsmartins"]
[Black "Gnanathan"]
[Result "1-0"]
[ICCResult "Black resigns"]
[WhiteElo "1777"]
[BlackElo "1101"]
[Opening "Sicilian: Grand Prix attack"]
[ECO "B23"]
[NIC "SI.44"]
[Time "22:36:34"]
[PlyCount "55"]
[TimeControl "180+2"]

1. e4 c5 2. Nc3 Nc6 3. f4 e6 4. Nf3 d5 5. Bb5 Nf6 6. d3 Be7 7. O-O O-O 8.
Bxc6 bxc6 9. Qe1 Ba6 10. Qg3 dxe4 11. dxe4 Bxf1 12. Kxf1 Kh8 13. Qh3 Rg8
14. Ng5 Qe8 15. e5 Nh5 16. Qxh5 Bxg5 17. fxg5 f6 18. Qxe8 Raxe8 19. gxf6
gxf6 20. exf6 Rgf8 21. Bg5 Rd8 22. Re1 Rd6 23. Ne4 Rd5 24. Bh6 Rf7 25. Bg7+
Kg8 26. c4 Rf5+ 27. Kg1 Rg5 28. Nxg5 { Black resigns } 1-0

[Event "ICC tourney 2308 (3 2)"]
[Site "Internet Chess Club"]
[Date "2021.01.15"]
[Round "11"]
[White "KingRayfish"]
[Black "baldwinsthename"]
[Result "0-1"]
[ICCResult "White checkmated"]
[WhiteElo "1469"]
[BlackElo "1272"]
[Opening "King's pawn game"]
[ECO "C50"]
[NIC "IG.03"]
[Time "22:35:53"]
[PlyCount "44"]
[TimeControl "180+2"]

1. e4 e5 2. Nf3 Nc6 3. Bc4 Nd4 4. Nxd4 exd4 5. d3 c6 6. O-O Qf6 7. f4 Ne7
8. e5 Qg6 9. f5 Nxf5 10. Qf3 d6 11. exd6 Bxd6 12. Bf4 Bxf4 13. Qxf4 Be6 14.
Bxe6 fxe6 15. Qe5 O-O 16. Rf3 Rf6 17. Nd2 Raf8 18. Ne4 Ne3 19. Nxf6+ Rxf6
20. Rg3 Qf7 21. Qxd4 Rf1+ 22. Rxf1 Qxf1# { White checkmated } 0-1

[Event "ICC tourney 2308 (3 2)"]
[Site "Internet Chess Club"]
[Date "2021.01.15"]
[Round "11"]
[White "Ben2008"]
[Black "MarfaEs"]
[Result "0-1"]
[ICCResult "White resigns"]
[WhiteElo "1900"]
[BlackElo "2004"]
[Opening "Sicilian: accelerated fianchetto, modern variation"]
[ECO "B34"]
[NIC "SI.33"]
[Time "22:35:47"]
[PlyCount "74"]
[TimeControl "180+2"]

1. e4 c5 2. Nf3 Nc6 3. d4 cxd4 4. Nxd4 g6 5. Nc3 Bg7 6. Be3 d6 7. Bc4 Nf6
8. O-O O-O 9. Qd2 Nd7 10. f3 Nxd4 11. Bxd4 Bxd4+ 12. Qxd4 Qb6 13. Qxb6 Nxb6
14. Bb3 Be6 15. Rad1 Nc4 16. Rb1 Nd2 17. Rfd1 Nxb1 18. Rxb1 Bxb3 19. axb3
Rac8 20. Rc1 Rfd8 21. Nd5 Kf8 22. c4 b5 23. Kf2 bxc4 24. bxc4 Rb8 25. Rc2
e6 26. Nc7 Rdc8 27. Nb5 Ke7 28. Nd4 Rb4 29. b3 e5 30. Ne2 Rxb3 31. Nc3 Ke6
32. Nd5 a5 33. Ra2 Rxc4 34. Rxa5 Rc2+ 35. Kg3 Rb7 36. Ra6 f5 37. Ne3 f4+ {
White resigns } 0-1

[Event "ICC tourney 2308 (3 2)"]
[Site "Internet Chess Club"]
[Date "2021.01.15"]
[Round "11"]
[White "yogokings12"]
[Black "aberdeenace"]
[Result "0-1"]
[ICCResult "White resigns"]
[WhiteElo "1683"]
[BlackElo "1546"]
[Opening "Robatsch (modern) defense"]
[ECO "B06"]
[NIC "KF.05"]
[Time "22:36:20"]
[PlyCount "68"]
[TimeControl "180+2"]

1. e4 g6 2. d4 Bg7 3. Be3 c5 4. c3 cxd4 5. Bxd4 e5 6. Be3 Ne7 7. Qd2 O-O 8.
h4 d5 9. f3 d4 10. Bf2 Nec6 11. h5 Nd7 12. Na3 a6 13. Rd1 b5 14. Ne2 dxc3
15. bxc3 Qa5 16. Nb1 Nb6 17. Ng3 Rd8 18. Qc2 Rxd1+ 19. Kxd1 Be6 20. a3 Rd8+
21. Kc1 Rc8 22. Be3 b4 23. cxb4 Nxb4 24. Qxc8+ Nxc8 25. axb4 Qxb4 26. Bd2
Qb3 27. Be2 Bf8 28. Bd1 Qc4+ 29. Bc2 Nb6 30. hxg6 hxg6 31. Kd1 Na4 32. Ne2
Nb2+ 33. Kc1 Nd3+ 34. Kd1 Nf2+ { White resigns } 0-1

[Event "ICC tourney 2308 (3 2)"]
[Site "Internet Chess Club"]
[Date "2021.01.15"]
[Round "11"]
[White "MasterZachary"]
[Black "PappusChain923"]
[Result "1-0"]
[ICCResult "Black resigns"]
[WhiteElo "2307"]
[BlackElo "2147"]
[Opening "Caro-Kann: exchange, Rubinstein variation"]
[ECO "B13"]
[NIC "CK.02"]
[Time "22:35:47"]
[PlyCount "127"]
[TimeControl "180+2"]

1. e4 c6 2. d4 d5 3. exd5 cxd5 4. Bd3 Nc6 5. c3 Nf6 6. Bf4 Bg4 7. Qb3 Qb6
8. Nd2 e6 9. Ngf3 Be7 10. Qxb6 axb6 11. O-O O-O 12. Ne5 Bh5 13. Rfe1 Bg6
14. Nxg6 hxg6 15. a3 Rfc8 16. Nf3 Na5 17. Ne5 Nb3 18. Rad1 Nh5 19. Be3 g5
20. g3 f6 21. Nf3 g4 22. Nd2 Na5 23. Bg6 f5 24. Bxh5 Rf8 25. f3 Kh7 26. Bf4
g6 27. Rxe6 Bf6 28. fxg4 gxh5 29. gxf5 Nc6 30. Nf3 Rae8 31. Rde1 Rxe6 32.
Rxe6 Bg7 33. Ng5+ Kg8 34. Bd6 Rxf5 35. Re8+ Bf8 36. Ne6 Kf7 37. Rxf8+ Kxe6
38. Rxf5 Kxf5 39. Kf2 Ke4 40. Ke2 b5 41. h3 Nd8 42. g4 hxg4 43. hxg4 Ne6
44. Be7 Kf4 45. g5 Ke4 46. Kd2 Nf4 47. Kc2 Ng6 48. Bd6 Ke3 49. Kb3 Kd2 50.
Kb4 Kc2 51. Kxb5 Kxb2 52. Bb4 Kb3 53. Kc5 Nf4 54. Kd6 Kc4 55. Ke5 Nd3+ 56.
Kf5 Nxb4 57. axb4 Kxc3 58. g6 Kxd4 59. g7 Kc3 60. g8=Q d4 61. Ke4 d3 62.
Qc8+ Kd2 63. Qxb7 Ke2 64. Qa6 { Black resigns } 1-0

[Event "ICC tourney 2308 (3 2)"]
[Site "Internet Chess Club"]
[Date "2021.01.15"]
[Round "11"]
[White "SuperBlueSky"]
[Black "Ayushb"]
[Result "1-0"]
[ICCResult "Black resigns"]
[WhiteElo "1562"]
[BlackElo "1769"]
[Opening "QGD: Orthodox defense, 7.Rc1"]
[ECO "D63"]
[NIC "QO.11"]
[Time "22:35:50"]
[PlyCount "67"]
[TimeControl "180+2"]

1. d4 d5 2. c4 e6 3. Nc3 Nf6 4. Nf3 Be7 5. Bg5 O-O 6. e3 Nbd7 7. Rc1 b6 8.
Qc2 Bb7 9. cxd5 exd5 10. Bd3 h6 11. Bh4 c5 12. O-O Ne4 13. Bxe7 Qxe7 14.
Nd2 Ndf6 15. Bxe4 Nxe4 16. Ncxe4 dxe4 17. dxc5 Ba6 18. Rfe1 Bd3 19. Qc3
Rfc8 20. Nb3 bxc5 21. Nxc5 Rc7 22. Qd4 Rd8 23. Qc3 Rdc8 24. b4 a5 25. a3
axb4 26. axb4 Qd6 27. Qd4 Qg6 28. Nxd3 exd3 29. Rxc7 Rxc7 30. Qd8+ Kh7 31.
Qxc7 d2 32. Rd1 Qd3 33. Qa5 Qe2 34. Qa1 { Black resigns } 1-0

[Event "ICC tourney 2308 (3 2)"]
[Site "Internet Chess Club"]
[Date "2021.01.15"]
[Round "11"]
[White "sarvadh"]
[Black "Shakhmatova"]
[Result "1-0"]
[ICCResult "Black resigns"]
[WhiteElo "2250"]
[BlackElo "1756"]
[Opening "QP counter-gambit (elephant gambit)"]
[ECO "C40"]
[NIC "KP.10"]
[Time "22:35:35"]
[PlyCount "75"]
[TimeControl "180+2"]

1. e4 e5 2. Nf3 d5 3. exd5 e4 4. Nd4 Qxd5 5. Nb3 Nf6 6. Nc3 Qe6 7. Be2 c5
8. O-O a6 9. d3 Bd6 10. dxe4 Nc6 11. Be3 b6 12. Bf3 O-O 13. Re1 Ne5 14. Bf4
Bb7 15. Bxe5 Bxe5 16. Qe2 c4 17. Nd2 b5 18. Nd5 Rad8 19. c3 Rfe8 20. Rad1
Nxd5 21. exd5 Qh6 22. g3 Bc8 23. Bg2 Bd7 24. Qe3 g5 25. Nf3 Bf6 26. Qd2 Bg4
27. Rxe8+ Rxe8 28. Re1 Rd8 29. Ne5 Bf5 30. Nc6 Rd6 31. Qe3 Kg7 32. Qc5 Bd8
33. Nd4 Bb6 34. Nxf5+ Kg6 35. Qxd6+ f6 36. Nxh6 Kxh6 37. Qxf6+ Kh5 38. Bf3+
{ Black resigns } 1-0

[Event "ICC tourney 2308 (3 2)"]
[Site "Internet Chess Club"]
[Date "2021.01.15"]
[Round "11"]
[White "A4-H5"]
[Black "funpawn"]
[Result "1-0"]
[ICCResult "Black checkmated"]
[WhiteElo "1999"]
[BlackElo "1794"]
[Opening "Amar (Paris) opening"]
[ECO "A00"]
[NIC "VO.16"]
[Time "22:35:49"]
[PlyCount "53"]
[TimeControl "180+2"]

1. Nh3 e5 2. d4 exd4 3. Qxd4 Nc6 4. Qe3+ Be7 5. g3 d5 6. Bg2 Nf6 7. O-O O-O
8. Rd1 Re8 9. Nf4 Bd6 10. Qb3 Bxf4 11. Bxf4 Rxe2 12. Nc3 Re8 13. Nxd5 Nxd5
14. Bxd5 Be6 15. Bxe6 Qf6 16. Bd7 Re2 17. Qxb7 Rb8 18. Qxc6 Qxb2 19. Rab1
Qxb1 20. Rxb1 Rxb1+ 21. Kg2 g6 22. Qc3 Ree1 23. Bh6 Rg1+ 24. Kh3 Rxg3+ 25.
fxg3 f6 26. Be6+ Kh8 27. Qxf6# { Black checkmated } 1-0

[Event "ICC tourney 2308 (3 2)"]
[Site "Internet Chess Club"]
[Date "2021.01.15"]
[Round "11"]
[White "WaSabi5829"]
[Black "spideydavey"]
[Result "1-0"]
[ICCResult "Black forfeits on time"]
[WhiteElo "1386"]
[BlackElo "1802"]
[Opening "English opening"]
[ECO "A16"]
[NIC "EO.64"]
[Time "22:35:40"]
[PlyCount "43"]
[TimeControl "180+2"]

1. c4 Nf6 2. Nc3 c5 3. e4 d6 4. d3 a6 5. Nge2 e6 6. g3 d5 7. cxd5 exd5 8.
exd5 Nxd5 9. Bg2 Nf6 10. O-O Nc6 11. Re1 Be7 12. Be3 O-O 13. Nf4 Bf5 14.
Ne4 Nd4 15. Nxf6+ Bxf6 16. Rc1 b6 17. Bxa8 Qxa8 18. Bxd4 Bxd4 19. Rc2 g5
20. Qh5 f6 21. g4 Bg6 22. Nxg6 { Black forfeits on time } 1-0

[Event "ICC tourney 2308 (3 2)"]
[Site "Internet Chess Club"]
[Date "2021.01.15"]
[Round "11"]
[White "GrandWizard"]
[Black "stephenwilly"]
[Result "0-1"]
[ICCResult "White forfeits on time"]
[WhiteElo "1806"]
[BlackElo "1460"]
[Opening "Hammerschlag (Fried fox/Pork chop opening)"]
[ECO "A00"]
[Time "22:35:46"]
[PlyCount "62"]
[TimeControl "180+2"]

1. f3 e5 2. Kf2 Nf6 3. e3 d5 4. Be2 e4 5. c3 c5 6. d4 exd3 7. Bxd3 Bd6 8.
Bb5+ Bd7 9. Bxd7+ Nbxd7 10. Ne2 O-O 11. Nd2 Re8 12. Nf1 Ne5 13. g3 Nxf3 14.
Kxf3 Ne4 15. Kg2 Qf6 16. Nf4 g5 17. Nd2 gxf4 18. Nxe4 dxe4 19. exf4 Rad8
20. Be3 Kh8 21. Qb3 Rg8 22. Raf1 Bc7 23. Rf2 Bb6 24. Qc4 Rge8 25. Bxc5 Bxc5
26. Qxc5 e3 27. Re2 Kg8 28. Rhe1 b6 29. Qa3 Qc6+ 30. Kg1 Rd2 31. Qb3 Qf3 {
White forfeits on time } 0-1

[Event "ICC tourney 2308 (3 2)"]
[Site "Internet Chess Club"]
[Date "2021.01.15"]
[Round "11"]
[White "DejaVu"]
[Black "kittypuppy"]
[Result "1-0"]
[ICCResult "Black checkmated"]
[WhiteElo "1850"]
[BlackElo "1058"]
[Opening "Caro-Kann: Panov-Botvinnik attack, 5...e6"]
[ECO "B14"]
[NIC "CK.02"]
[Time "22:35:40"]
[PlyCount "111"]
[TimeControl "180+2"]

1. e4 c6 2. d4 d5 3. exd5 cxd5 4. c4 e6 5. Nc3 Nf6 6. Nf3 Bb4 7. a3 Bxc3+
8. bxc3 Nc6 9. c5 Qa5 10. Bd2 Qc7 11. Bd3 Bd7 12. O-O Ne7 13. Re1 Ng6 14.
h4 Ng4 15. h5 Nh4 16. g3 Nxf3+ 17. Qxf3 Nf6 18. h6 gxh6 19. Qxf6 Rg8 20.
Bxh7 Rf8 21. Bxh6 Bb5 22. Rxe6+ fxe6 23. Qxf8+ Kd7 24. Qf7+ Kc8 25. Qxe6+
Bd7 26. Qg8+ Qd8 27. Qxd8+ Kxd8 28. Bg5+ Kc7 29. Re1 Rh8 30. Bd3 Rg8 31. f4
Rh8 32. Kg2 Bh3+ 33. Kf3 Bd7 34. Re7 Kc6 35. Bb5+ Kxb5 36. Rxd7 Ka6 37. f5
Rf8 38. f6 Rg8 39. Kf4 Rf8 40. f7 b6 41. c6 b5 42. Bh6 Rxf7+ 43. Rxf7 b4
44. axb4 Kb6 45. c7 a5 46. bxa5+ Kb5 47. c8=Q Ka4 48. a6 Kb3 49. a7 Kc2 50.
a8=Q Kd3 51. Qxd5 Kd2 52. Qg2+ Kd3 53. Qa6+ Kxc3 54. Rc7+ Kb3 55. Qb6+ Ka3
56. Ra7# { Black checkmated } 1-0

[Event "ICC tourney 2308 (3 2)"]
[Site "Internet Chess Club"]
[Date "2021.01.15"]
[Round "11"]
[White "bnielsen19"]
[Black "ZYCON"]
[Result "1-0"]
[ICCResult "Black checkmated"]
[WhiteElo "1565"]
[BlackElo "1385"]
[Opening "Sicilian: closed"]
[ECO "B23"]
[NIC "SI.44"]
[Time "22:35:43"]
[PlyCount "75"]
[TimeControl "180+2"]

1. e4 c5 2. Nc3 d6 3. g3 Nc6 4. Bg2 Nf6 5. d3 g6 6. h3 Bg7 7. Be3 O-O 8.
Qd2 Be6 9. Bh6 a6 10. Bxg7 Kxg7 11. f4 Nh5 12. Nce2 Qa5 13. c3 b5 14. g4
Nf6 15. f5 Bd7 16. Nf3 b4 17. O-O bxc3 18. bxc3 Rab8 19. Ng3 Rb7 20. g5 Ng8
21. h4 Rfb8 22. h5 h6 23. gxh6+ Nxh6 24. Qg5 Qxc3 25. fxg6 Qf6 26. gxf7+
Qxg5 27. Nxg5 Nxf7 28. Rxf7+ Kh6 29. Nf3 Rg8 30. Kh2 Be8 31. Rf5 Bd7 32.
Rf4 Bg4 33. Nh4 Bxh5 34. Nxh5 Kxh5 35. Bf3+ Kh6 36. Nf5+ Kg6 37. Rg1+ Kh7
38. Rh4# { Black checkmated } 1-0

[Event "ICC tourney 2308 (3 2)"]
[Site "Internet Chess Club"]
[Date "2021.01.15"]
[Round "11"]
[White "BrodskyUTD"]
[Black "DualMoneytime"]
[Result "1-0"]
[ICCResult "Black checkmated"]
[WhiteElo "2564"]
[BlackElo "1982"]
[Opening "French: Tarrasch, Guimard main line"]
[ECO "C04"]
[NIC "FR.15"]
[Time "22:35:46"]
[PlyCount "69"]
[TimeControl "180+2"]

1. e4 e6 2. d4 d5 3. Nd2 Nc6 4. Ngf3 Nf6 5. e5 Nd7 6. Bd3 Nb4 7. Be2 c5 8.
c3 Nc6 9. O-O cxd4 10. cxd4 f6 11. exf6 Nxf6 12. Re1 Bd6 13. Nf1 O-O 14.
Bd3 Qc7 15. Bg5 e5 16. dxe5 Nxe5 17. Rc1 Nxf3+ 18. Qxf3 Qa5 19. Bxf6 Rxf6
20. Qh5 g6 21. Qg5 Kg7 22. Ng3 Kf7 23. Ne4 Qxe1+ 24. Rxe1 dxe4 25. Bc4+ Kg7
26. Rxe4 Bf5 27. Re1 Bc5 28. Qd2 Raf8 29. b4 Bb6 30. Re7+ Kh8 31. Qh6 Bxf2+
32. Kh1 R6f7 33. Rxf7 Rxf7 34. Bxf7 Be3 35. Qf8# { Black checkmated } 1-0

[Event "ICC tourney 2308 (3 2)"]
[Site "Internet Chess Club"]
[Date "2021.01.15"]
[Round "11"]
[White "muzikmixer"]
[Black "acgc"]
[Result "1-0"]
[ICCResult "Black checkmated"]
[WhiteElo "1633"]
[BlackElo "946"]
[Opening "Queen's pawn: Chigorin variation"]
[ECO "D00"]
[NIC "QP.08"]
[Time "22:35:59"]
[PlyCount "57"]
[TimeControl "180+2"]

1. d4 d5 2. Nc3 Nc6 3. Bf4 Bf5 4. Qd2 Nf6 5. O-O-O e6 6. Nf3 Bd6 7. Ne5 Bb4
8. Nxc6 bxc6 9. f3 O-O 10. g4 Bg6 11. h4 h6 12. h5 Bh7 13. g5 hxg5 14. Bxg5
Re8 15. Qf4 Bxc3 16. bxc3 Rb8 17. Rg1 Nxh5 18. Qh4 f6 19. Bh6 Qd6 20. Qxh5
Qa3+ 21. Kd2 Re7 22. Bh3 Qd6 23. Rg2 Rb2 24. Rdg1 Rxc2+ 25. Ke1 Qd7 26.
Rxg7+ Rxg7 27. Rxg7+ Qxg7 28. Qe8+ Qf8 29. Qxf8# { Black checkmated } 1-0

[Event "ICC tourney 2308 (3 2)"]
[Site "Internet Chess Club"]
[Date "2021.01.15"]
[Round "11"]
[White "TjkTiger"]
[Black "Sparta250"]
[Result "1-0"]
[ICCResult "Black resigns"]
[WhiteElo "2597"]
[BlackElo "2702"]
[Opening "English: four knights, Nimzovich variation"]
[ECO "A28"]
[NIC "EO.09"]
[Time "22:35:59"]
[PlyCount "67"]
[TimeControl "180+2"]

1. c4 e5 2. Nc3 Nf6 3. Nf3 Nc6 4. e4 Bb4 5. d3 O-O 6. a3 Bc5 7. b4 Bd4 8.
Nxd4 Nxd4 9. Ne2 Ne6 10. f4 exf4 11. Nxf4 a5 12. bxa5 c6 13. Nxe6 fxe6 14.
Bd2 Nxe4 15. dxe4 Qh4+ 16. Ke2 d5 17. Qc2 e5 18. Kd1 dxe4 19. g3 Qh5+ 20.
Be2 Bg4 21. Qxe4 Bxe2+ 22. Qxe2 Rf3 23. Re1 Rd8 24. Kc1 Qf5 25. Qxe5 Qd3
26. Qe6+ Kh8 27. Ra2 Rf1 28. Rxf1 Qxf1+ 29. Be1 Qd3 30. Qe2 Qb3 31. Bb4 h6
32. Rd2 Ra8 33. Qd3 Qa4 34. Qc2 { Black resigns } 1-0

[Event "ICC tourney 2308 (3 2)"]
[Site "Internet Chess Club"]
[Date "2021.01.15"]
[Round "11"]
[White "Goran21"]
[Black "CaptK"]
[Result "0-1"]
[ICCResult "White resigns"]
[WhiteElo "2008"]
[BlackElo "2368"]
[Opening "Sicilian defense"]
[ECO "B40"]
[NIC "SI.43"]
[Time "22:35:46"]
[PlyCount "108"]
[TimeControl "180+2"]

1. e4 c5 2. Nf3 e6 3. d3 d5 4. Nbd2 Nf6 5. g3 Nc6 6. Bg2 Be7 7. O-O Qc7 8.
c3 O-O 9. Re1 b6 10. exd5 Nxd5 11. Nc4 Bb7 12. a4 h6 13. h4 Bf6 14. h5 Rfd8
15. Nfd2 Rd7 16. Ne4 Be7 17. Qe2 Rad8 18. Bd2 Ne5 19. Nxe5 Qxe5 20. f4 Qc7
21. Nf2 Bf6 22. Ng4 Be7 23. Ne5 Rd6 24. Qg4 Nf6 25. Qe2 Bxg2 26. Qxg2 Rd5
27. Qe2 Bd6 28. c4 Bxe5 29. fxe5 Rxd3 30. Bf4 Nh7 31. Qg4 Kh8 32. Rf1 Qb7
33. Rae1 Qe7 34. Rf2 R3d4 35. b3 Ng5 36. Qh4 Kg8 37. Ref1 Rd1 38. Qg4 Rxf1+
39. Rxf1 Rd4 40. Qe2 Qd8 41. Qg4 Rd3 42. Qe2 Qd4+ 43. Kh2 Qe4 44. Qf2 Rf3
45. Qe1 Rxf1 46. Qxf1 Nf3+ 47. Kh3 Nd4 48. Qd1 Qf5+ 49. Kh2 Qe4 50. Qg4
Nf3+ 51. Kh3 Nxe5 52. Qd1 Nd3 53. Bb8 Nf2+ 54. Kh2 Nxd1 { White resigns }
0-1

[Event "ICC tourney 2308 (3 2)"]
[Site "Internet Chess Club"]
[Date "2021.01.15"]
[Round "11"]
[White "haarim"]
[Black "CheddarCheng1"]
[Result "0-1"]
[ICCResult "White forfeits on time"]
[WhiteElo "1491"]
[BlackElo "1424"]
[Opening "Scotch gambit"]
[ECO "C44"]
[NIC "SO.06"]
[Time "22:35:35"]
[PlyCount "96"]
[TimeControl "180+2"]

1. e4 e5 2. Nf3 Nc6 3. d4 exd4 4. Bc4 d6 5. Nxd4 Nf6 6. Nxc6 bxc6 7. O-O
Be7 8. Nc3 O-O 9. h3 d5 10. exd5 cxd5 11. Nxd5 Nxd5 12. Qxd5 Qxd5 13. Bxd5
Rb8 14. b3 Ba6 15. Rd1 Bf6 16. Rb1 Rfd8 17. Bf4 Rbc8 18. Bf3 Re8 19. Bg4
Rcd8 20. Bxc7 Rxd1+ 21. Rxd1 Be2 22. Bxe2 Rxe2 23. Bd8 Rxc2 24. Bxf6 gxf6
25. a4 Rb2 26. Rd3 a5 27. Kh2 Kg7 28. Kg3 Kg6 29. Kf3 f5 30. Ke3 Kg5 31. g3
h5 32. f4+ Kf6 33. Kd4 Rh2 34. h4 Rc2 35. Rc3 Rd2+ 36. Kc5 Ke6 37. Re3+ Kd7
38. Kb5 Rd5+ 39. Kc4 Kd6 40. Rd3 Rxd3 41. Kxd3 Kd5 42. Kc3 Ke4 43. b4 axb4+
44. Kxb4 Kf3 45. a5 Kxg3 46. a6 Kxf4 47. a7 Kg4 48. a8=Q f4 { White
forfeits on time } 0-1

[Event "ICC tourney 2308 (3 2)"]
[Site "Internet Chess Club"]
[Date "2021.01.15"]
[Round "11"]
[White "kurumania"]
[Black "mhebden"]
[Result "1-0"]
[ICCResult "Black resigns"]
[WhiteElo "2514"]
[BlackElo "2503"]
[Opening "Ruy Lopez: closed, anti-Marshall 8.a4"]
[ECO "C88"]
[NIC "RL.18"]
[Time "22:35:56"]
[PlyCount "91"]
[TimeControl "180+2"]

1. e4 e5 2. Nf3 Nc6 3. Bb5 a6 4. Ba4 Nf6 5. O-O Be7 6. Re1 b5 7. Bb3 O-O 8.
a4 Bb7 9. d3 d6 10. Nbd2 Qd7 11. Nf1 Na5 12. Ba2 c5 13. Ng3 Bc6 14. Nf5 Bd8
15. axb5 axb5 16. Bd2 b4 17. c3 bxc3 18. bxc3 c4 19. N3h4 cxd3 20. Qf3 g6
21. Nh6+ Kg7 22. Qxd3 d5 23. exd5 Bxd5 24. Bxd5 Qxd5 25. Qxd5 Nxd5 26. Rxe5
Bxh4 27. Rxd5 Nb3 28. Rxa8 Rxa8 29. g3 Nxd2 30. gxh4 Nf3+ 31. Kg2 Nxh4+ 32.
Kh3 Nf3 33. Ng4 Ra3 34. Rd3 Ng5+ 35. Kg2 Ne4 36. Ne5 Kf6 37. Nd7+ Ke7 38.
Nb6 Ke6 39. Nd5 Nc5 40. Nf4+ Kf5 41. Rf3 Ke4 42. Ne2 f5 43. Re3+ Kd5 44.
c4+ Kxc4 45. Rxa3 Nd3 46. Rc3+ { Black resigns } 1-0

[Event "ICC tourney 2308 (3 2)"]
[Site "Internet Chess Club"]
[Date "2021.01.15"]
[Round "11"]
[White "ASharikov"]
[Black "HR2005"]
[Result "1-0"]
[ICCResult "Black checkmated"]
[WhiteElo "2281"]
[BlackElo "2041"]
[Opening "Queen's pawn game"]
[ECO "D00"]
[NIC "QP.07"]
[Time "22:35:44"]
[PlyCount "167"]
[TimeControl "180+2"]

1. d4 Nf6 2. Nc3 d5 3. Bf4 c6 4. e3 g6 5. h4 h5 6. Be2 Bg7 7. Nf3 O-O 8.
O-O Nbd7 9. a4 Ng4 10. a5 e5 11. dxe5 Ngxe5 12. Ng5 Nc5 13. Qd2 Ne6 14.
Nxe6 Bxe6 15. Ra4 Nc4 16. Bxc4 dxc4 17. Qxd8 Rfxd8 18. Rd1 Bxc3 19. Rxd8+
Rxd8 20. bxc3 Rd2 21. Be5 Rxc2 22. Rb4 Bc8 23. Rxc4 Rd2 24. a6 Rd5 25. Bd4
Rd6 26. axb7 Bxb7 27. Rb4 Rd7 28. Bxa7 f6 29. Bd4 Kf7 30. e4 Ke6 31. f3 f5
32. Kf2 fxe4 33. fxe4 Rc7 34. Bc5 Rd7 35. Ke3 Ba6 36. Bd4 Bb7 37. Ra4 Bc8
38. Ra8 Rd8 39. Bb6 Re8 40. Kd4 Bd7 41. Ra5 Rf8 42. Rg5 Kf6 43. e5+ Kg7 44.
Kc5 Rf4 45. Kd6 Bf5 46. e6 Re4 47. e7 Kf7 48. Bd8 Re6+ 49. Kd7 Rxe7+ 50.
Kxc6 Re4 51. Kd5 Re1 52. Bb6 Rh1 53. g3 Rd1+ 54. Bd4 Be6+ 55. Kd6 Bf5 56.
Ke5 Re1+ 57. Kf4 Re4+ 58. Kf3 Ke6 59. g4 hxg4+ 60. Kg3 Re2 61. h5 gxh5 62.
Rxh5 Rd2 63. Kf4 Rf2+ 64. Bxf2 Bg6 65. Rh6 Kf7 66. Rxg6 Kxg6 67. Kxg4 Kf6
68. c4 Ke6 69. c5 Kd5 70. Kf5 Kc6 71. Ke6 Kc7 72. Kd5 Kd7 73. c6+ Kc7 74.
Kc5 Kc8 75. Kd6 Kd8 76. c7+ Kc8 77. Bh4 Kb7 78. Kd7 Kb6 79. c8=Q Ka7 80.
Qc4 Kb6 81. Kd6 Ka7 82. Qb5 Ka8 83. Kc7 Ka7 84. Qb7# { Black checkmated }
1-0

[Event "ICC tourney 2308 (3 2)"]
[Site "Internet Chess Club"]
[Date "2021.01.15"]
[Round "11"]
[White "MrNormalName"]
[Black "hackerguru"]
[Result "1/2-1/2"]
[ICCResult "Game drawn by repetition"]
[WhiteElo "2174"]
[BlackElo "1750"]
[Opening "Catalan opening"]
[ECO "E00"]
[NIC "CA.01"]
[Time "22:35:53"]
[PlyCount "96"]
[TimeControl "180+2"]

1. d4 Nf6 2. c4 e6 3. g3 Bb4+ 4. Bd2 a5 5. Bg2 O-O 6. Nf3 b6 7. O-O Bxd2 8.
Qxd2 Bb7 9. Nc3 d5 10. cxd5 Nxd5 11. Rac1 c6 12. e4 Nxc3 13. bxc3 Nd7 14.
Rfd1 Qe7 15. c4 f5 16. exf5 Rxf5 17. Re1 Raf8 18. Rc3 Qf6 19. Qe2 c5 20.
Ne5 Nxe5 21. dxe5 Rxe5 22. Qd2 Bxg2 23. Kxg2 Rf5 24. Re2 Rd8 25. Qe1 Rf8
26. Rce3 e5 27. Rxe5 Qc6+ 28. Kg1 Rxe5 29. Rxe5 Qf3 30. Re7 h6 31. Re6 Rd8
32. Re8+ Rxe8 33. Qxe8+ Kh7 34. Qe6 Qb7 35. a4 Qc7 36. Qf5+ g6 37. Qe6 Kg7
38. h4 h5 39. Kh2 Kh7 40. Kg2 Kg7 41. Kf3 Qb7+ 42. Kf4 Kh7 43. Kg5 Qg7 44.
f4 Qh6+ 45. Kf6 Qg7+ 46. Kg5 Qh6+ 47. Kf6 Qg7+ 48. Kg5 Qh6+ { Game drawn by
repetition } 1/2-1/2

[Event "ICC tourney 2308 (3 2)"]
[Site "Internet Chess Club"]
[Date "2021.01.15"]
[Round "11"]
[White "drberkley"]
[Black "iszerencsy"]
[Result "1-0"]
[ICCResult "Black forfeits on time"]
[WhiteElo "1952"]
[BlackElo "1425"]
[Opening "Sicilian: closed"]
[ECO "B23"]
[NIC "SI.44"]
[Time "22:36:34"]
[PlyCount "73"]
[TimeControl "180+2"]

1. e4 c5 2. Nc3 e6 3. f4 a6 4. Nf3 d5 5. d3 Nf6 6. e5 Nfd7 7. f5 exf5 8.
Nxd5 Nxe5 9. Nxe5 Qxd5 10. Qe2 Be7 11. Bf4 Nd7 12. Nxd7 Bxd7 13. O-O-O Be6
14. b3 Qd4 15. Be5 Qb4 16. Bxg7 Rg8 17. Bb2 a5 18. a3 Qf4+ 19. Kb1 a4 20.
g3 Qd6 21. Bg2 axb3 22. c4 Rb8 23. Be5 Qa6 24. Bxb8 Qxa3 25. Qb2 Qa4 26.
Bxb7 Kf8 27. Bf4 Bf6 28. Bh6+ Ke7 29. d4 Bxd4 30. Rxd4 cxd4 31. Bd5 Bxd5
32. cxd5 Rg6 33. Bc1 d3 34. Qa3+ Qxa3 35. Bxa3+ Kd7 36. Rd1 Ra6 37. Kb2 {
Black forfeits on time } 1-0

[Event "ICC tourney 2308 (3 2)"]
[Site "Internet Chess Club"]
[Date "2021.01.15"]
[Round "11"]
[White "wolverine54"]
[Black "woochess"]
[Result "0-1"]
[ICCResult "White forfeits on time"]
[WhiteElo "2327"]
[BlackElo "2595"]
[Opening "Sicilian: Anderssen variation"]
[ECO "B41"]
[NIC "SI.41"]
[Time "22:35:48"]
[PlyCount "84"]
[TimeControl "180+2"]

1. e4 c5 2. Nf3 e6 3. d4 cxd4 4. Nxd4 Nf6 5. Bd3 d6 6. O-O Nbd7 7. c4 Nc5
8. f3 Nxd3 9. Qxd3 Be7 10. Nc3 O-O 11. Be3 a6 12. Rfd1 Qc7 13. Rac1 b6 14.
b3 Bb7 15. Na4 Nd7 16. Qe2 Rfd8 17. Qf2 Nc5 18. Nc3 Bf6 19. b4 Nd7 20. Na4
Rac8 21. Nb3 Bc6 22. Nxb6 Rb8 23. Nxd7 Rxd7 24. b5 Bb7 25. Bb6 Qc8 26. a4
Ba8 27. Ba7 Rbb7 28. Bd4 Bg5 29. f4 Bd8 30. c5 dxc5 31. Rxc5 Rbc7 32. Rxc7
Bxc7 33. Nc5 Rd8 34. Nxa6 Bb6 35. h3 Qc4 36. Bxb6 Rxd1+ 37. Kh2 Qxa4 38.
Qc5 h6 39. Qc8+ Kh7 40. Qxa8 Qxb5 41. Bf2 Ra1 42. Nc7 Qf1 { White forfeits
on time } 0-1

[Event "ICC tourney 2308 (3 2)"]
[Site "Internet Chess Club"]
[Date "2021.01.15"]
[Round "11"]
[White "vikram251107"]
[Black "chessrex"]
[Result "0-1"]
[ICCResult "White forfeits on time"]
[WhiteElo "2002"]
[BlackElo "1949"]
[Opening "Philidor: Philidor counter-gambit, Zukertort variation"]
[ECO "C41"]
[NIC "KP.08"]
[Time "22:36:06"]
[PlyCount "136"]
[TimeControl "180+2"]

1. e4 e5 2. Nf3 d6 3. d4 f5 4. Nc3 fxe4 5. Nxe4 d5 6. Nxe5 dxe4 7. Qh5+ g6
8. Nxg6 Nf6 9. Qe5+ Kf7 10. Nxh8+ Kg7 11. Bg5 Be7 12. Bc4 Kxh8 13. O-O Nc6
14. Bxf6+ Bxf6 15. Qxe4 Qe7 16. Qxe7 Nxe7 17. c3 Bf5 18. Rfe1 c6 19. Be6
Bg6 20. Bg4 Kg7 21. Re2 Rd8 22. Rae1 Nd5 23. g3 b5 24. Bf3 Kf7 25. Bxd5+
Rxd5 26. Re6 c5 27. dxc5 Rxc5 28. Ra6 Rc7 29. Ree6 Be7 30. Rec6 Rb7 31. Rc8
b4 32. c4 Bf6 33. b3 Bf5 34. Rcc6 Bd4 35. Rd6 Bc3 36. c5 Rc7 37. Rac6 Re7
38. Rd1 Be4 39. Rc8 Bf3 40. Rc1 Bd2 41. Rb1 Bg4 42. Rc6 Bf3 43. Rd6 Bc3 44.
c6 Be5 45. Rd7 Bxc6 46. Rxe7+ Kxe7 47. Re1 Kf6 48. Rc1 Bc3 49. a3 a5 50.
axb4 axb4 51. Rd1 Ke5 52. Rd8 Bd5 53. Re8+ Kf6 54. Rf8+ Kg7 55. Rb8 Bxb3
56. Rb7+ Bf7 57. f4 b3 58. Kf1 b2 59. Ke2 Kf6 60. Kd3 Bg6+ 61. Kxc3 b1=Q
62. Rxb1 Bxb1 63. Kd4 Kf5 64. Ke3 Kg4 65. Kf2 Be4 66. Ke3 Bf5 67. Kd4 Bb1
68. Ke5 h5 { White forfeits on time } 0-1